 Dungeon Sprint DCSS version 0.20.1 (webtiles) character file.

628 panicbit the Protected (level 7, -14/73 HPs)
             Began as a Minotaur Fighter on July 2, 2017.
             Was a Follower of Okawaru.
             Demolished by Sonja
             ... wielding a +1 dagger of distortion
              (21 damage)
             ... in the Dungeon (Sprint I: "Red Sonja").
             The game lasted 00:02:22 (597 turns).

panicbit the Protected (Minotaur Fighter)            Turns: 597, Time: 00:02:24

Health: -14/73     AC: 10    Str: 20    XL:     7   Next: 23%
Magic:  3/6        EV: 13    Int:  5    God:    Okawaru [*.....]
Gold:   427        SH: 13    Dex: 12    Spells: 6/6 levels left

rFire    . . .     SeeInvis .   a - +0 war axe
rCold    . . .     Gourm    .   c - +0 shield
rNeg     . . .     Faith    .   b - +0 scale mail
rPois    .         Spirit   .   (helmet restricted)
rElec    .         Reflect  .   (no cloak)
rCorr    .         Harm     .   (no gloves)
MR       .....     NoTele   +   (no boots)
Stlth    +.........             (no amulet)
Regen    0.3/turn               (no ring)
MPRegen  0.1/turn               (no ring)

@: lethally poisoned (-14 -> -29), heroism, slowed, very slow
A: retaliatory headbutt, horns 2
a: Heroism, Renounce Religion


You were in the Dungeon.
You worshipped Okawaru.
Okawaru was aware of your devotion.
You were not hungry.

You visited 1 branch You collected 427 gold pieces.

Inventory:

Hand Weapons
 a - a +0 war axe (weapon)
Armour
 b - a +0 scale mail (worn)
 c - a +0 shield (worn)
Wands
 m - a wand of polymorph (18/24)
Scrolls
 k - a scroll of blinking
 o - a scroll of acquirement {unknown}
Potions
 d - a potion of might
 e - a potion of curing
 g - a potion of heal wounds
 h - a potion of haste
 i - 2 potions of magic
 j - a potion of berserk rage
 l - 2 potions of ambrosia {unknown}
Comestibles
 f - a bread ration
 n - 5 chunks of flesh


   Skills:
 + Level 10.7(15.7) Fighting
 + Level 8.0(13.0) Axes
 + Level 10.8(15.8) Armour
 + Level 1.6(6.6) Dodging
 + Level 9.7(14.7) Shields


You had 6 spell levels left.
You didn't know any spells.

Dungeon Overview and Level Annotations

Branches:
Dungeon (1/1)

Altars:
Cheibriados
Dithmenos
Elyvilon
Fedhas
Gozag
Hepliaklqana
Kikubaaqudgha
Makhleb
Nemelex Xobeh
Okawaru
Qazlal
Ru
Sif Muna
Trog
Uskayaw
Vehumet
Xom
Yredelemnul
Zin
The Shining One
Jiyva
Lugonu

Shops:
D %

Annotations:
D Sonja


Innate Abilities, Weirdness & Mutations

You reflexively headbutt those who attack you in melee.
You have a pair of horns on your head.


Message History

Its appearance distorts for a moment.
You block Sonja's attack. x2
Sonja completely misses you.
You see here 27 gold pieces.
You miss Sonja. Your headbutt misses Sonja.
Sonja is heavily wounded.
You feel very sick. You block Sonja's attack.
Sonja hits you but does no damage. Space warps horribly around you!
* * * LOW HITPOINT WARNING * * *
You block Sonja's attack. Sonja barely misses you. You furiously retaliate!
You headbutt Sonja! Sonja hits you but does no damage. Space bends around you.
* * * LOW HITPOINT WARNING * * *
Sonja hits you but does no damage.
You feel a strange sense of stasis.
You gain the combat prowess of a mighty hero.
* * * LOW HITPOINT WARNING * * *
You feel sick. You block Sonja's attack.
Sonja hits you with an uncursed dagger of distortion.
* * * LOW HITPOINT WARNING * * *
Space warps horribly around you!
You die...

#..#####'#####'#__####
#..####..#...#.####
#..#__####..##.#
#..#_____##'#..+
#⌠⌠#_.∩...'..._#
####_..__##_(#'#
#_____###'#.#
#########.###


+@($+ #K($# ##.## #+# You could see Sonja.

Vanquished Creatures
  A slime creature (D)
  Sigmund (D)
  A yak (D)
  An ogre (D)
  A jelly (D)
  Ijyb (D)
6 creatures vanquished.

Notes
Turn   | Place    | Note
-------+----------+-------------------------------------------
     0 | D        | panicbit the Minotaur Fighter began the quest for the Orb.
     0 | D        | Reached XP level 1. HP: 19/19 MP: 0/0
     1 | D        | Noticed Ijyb
     5 | D        | Killed Ijyb
     5 | D        | Reached skill level 5 in Fighting
     5 | D        | Reached skill level 5 in Armour
     5 | D        | Reached skill level 5 in Shields
     5 | D        | Reached XP level 2. HP: 26/29 MP: 1/1
    34 | D        | Noticed an ogre
    40 | D        | Killed an ogre
    40 | D        | Reached XP level 3. HP: 19/39 MP: 2/2
    40 | D        | Reached XP level 4. HP: 23/47 MP: 3/3
   260 | D        | Noticed Sigmund
   266 | D        | Killed Sigmund
   266 | D        | Reached skill level 1 in Dodging
   266 | D        | Reached XP level 5. HP: 41/57 MP: 4/4
   266 | D        | Reached XP level 6. HP: 45/63 MP: 5/5
   368 | D        | Found a deep blue altar of Sif Muna.
   370 | D        | Found a radiant altar of Vehumet.
   403 | D        | Found Jutwigho's Food Emporium.
   403 | D        | Found an ancient bone altar of Kikubaaqudgha.
   403 | D        | Found a hazy altar of Hepliaklqana.
   403 | D        | Found a stormy altar of Qazlal.
   403 | D        | Found a hide-covered altar of Uskayaw.
   403 | D        | Found a blossoming altar of Fedhas.
   403 | D        | Found a bloodstained altar of Trog.
   403 | D        | Found an iron altar of Okawaru.
   403 | D        | Found a basalt altar of Yredelemnul.
   403 | D        | Found a glowing golden altar of the Shining One.
   403 | D        | Found a snail-covered altar of Cheibriados.
   403 | D        | Found a sacrificial altar of Ru.
   403 | D        | Found a glowing silver altar of Zin.
   403 | D        | Found a shadowy altar of Dithmenos.
   403 | D        | Found a white marble altar of Elyvilon.
   403 | D        | Noticed a yak
   405 | D        | Found an opulent altar of Gozag.
   407 | D        | Found a sparkling altar of Nemelex Xobeh.
   412 | D        | Became a worshipper of Warmaster Okawaru
   417 | D        | Killed a yak
   417 | D        | Reached skill level 10 in Fighting
   417 | D        | Reached skill level 10 in Armour
   433 | D        | Found a burning altar of Makhleb.
   433 | D        | Found a viscous altar of Jiyva.
   433 | D        | Found a shimmering altar of Xom.
   433 | D        | Found a corrupted altar of Lugonu.
   433 | D        | Noticed a slime creature
   440 | D        | Killed a slime creature
   440 | D        | Reached * piety under Okawaru
   440 | D        | Reached XP level 7. HP: 46/73 MP: 6/6
   585 | D        | Noticed Sonja
   597 | D        | Demolished by Sonja

Skill      XL: |  1  2  3  4  5  6 |
---------------+-------------------+-----
Fighting       | 5 7 9 10 | 10.7
Axes           | 3 4 6 8 |  8.0
Armour         | 5 7 9 10 | 10.8
Shields        | 5 6 8 9 |  9.7
Dodging        | 1 |  1.6

Action                   |  1- 3 |  4- 6 |  7- 9 || total
-------------------------+-------+-------+-------++-------
Melee: War axe           |     8 |    18 |     6 ||    32
       Headbutt          |     1 |     8 |     1 ||    10
Invok: Heroism           |       |       |     2 ||     2
Armor: Scale mail        |     1 |       |     7 ||     8
Dodge: Dodged            |     2 |     7 |     9 ||    18
Block: Shield            |     1 |     6 |    11 ||    18
